 Dungeon Crawl Stone Soup version 0.29-a0-284-gf9362112df (webtiles) character file.

Game seed: 8961340029631456538

79 sokol815 the Chopper (level 4, 0/35 HPs)
             Began as a Demonspawn Monk on Mar 23, 2022.
             Was an Initiate of Yredelemnul.
             Slain by a gnoll
             ... wielding a +0 whip
              (1 damage)
             ... on level 2 of the Dungeon.
             The game lasted 00:03:38 (1671 turns).

sokol815 the Chopper (Demonspawn Monk)              Turns: 1671, Time: 00:03:39

Health: 0/35       AC:  8    Str: 13    XL:     4   Next: 16%
Magic:  4/4        EV: 11    Int: 12    God:    Yredelemnul [......]
Gold:   103        SH:  0    Dex: 15    Spells: 3/3 levels left

rFire   . . .      SeeInvis .   a - +2 whip (vamp)
rCold   . . .      Faith    .   (no shield)
rNeg    . . .      Spirit   .   c - +0 ring mail
rPois   .          Reflect  .   (no helmet)
rElec   .          Harm     .   e - +1 cloak
rCorr   .          Rampage  .   (no gloves)
Will    .....                   h - +0 pair of boots
Stlth   +.........              (no amulet)
HPRegen 0.11/turn               (no ring)
MPRegen 0.09/turn               (no ring)

@: no status effects
A: ignite blood 1, demonic touch 1
a: Renounce Religion, Recall Undead Harvest


You were on level 2 of the Dungeon.
You worshipped Yredelemnul.
Yredelemnul was noncommittal.
You visited 1 branch of the dungeon, and saw 2 of its levels.

You collected 103 gold pieces.

Inventory:

Hand Weapons
 a - a +2 vampiric whip (weapon)
   (You took it off a kobold on level 2 of the Dungeon)
 i - a +0 hand axe
Missiles
 f - 14 poisoned darts
 s - 10 stones
Armour
 b - a +0 robe
 c - a +0 ring mail (worn)
   (You found it on level 1 of the Dungeon)
 e - a +1 cloak (worn)
   (You found it on level 2 of the Dungeon)
 h - a +0 pair of boots (worn)
   (You found it on level 2 of the Dungeon)
Jewellery
 d - an amulet of faith
   (You found it on level 1 of the Dungeon)
Potions
 g - a potion of attraction {!q}
 j - a potion of haste {unknown}
 o - a potion of degeneration {unknown}
 G - a potion of ambrosia {!q}
 J - a potion of curing {@q1}


   Skills:
 - Level 3.0 Fighting
 - Level 4.3(4.4) Axes
 * Level 1.2(3.0) Maces & Flails
 - Level 2.6 Dodging
 - Level 1.7 Stealth


You had 3 spell levels left.
You didn't know any spells.
Your spell library contained the following spells:

 Spells                   Type           Power      Damage    Failure   Level
 Ensorcelled Hibernation  Hex/Ice        0%         N/A       73%         2
 Passwall                 Tmut/Erth      0%         N/A       73%         2
 Swiftness                Air            0%         N/A       91%         3


Dungeon Overview and Level Annotations

Branches:
Dungeon (2/15)

Altars:
Yredelemnul


Innate Abilities, Weirdness & Mutations

Your demonic aura sometimes causes spilled blood to erupt in flames.
Your touch may inflict minor irresistible damage on your foes.


Message History

The gnoll hits you but does no damage.
You hit the gnoll.
You kill the gnoll!
A black mist starts to gather...
The gnoll shaman hits you with a +0 whip.
The gnoll barely misses you.
You have reached level 4!
You feel clever.
Your demonic ancestry asserts itself...
Your blood heats up.
MP restored: 4 You swap places.
The gnoll attacks as you move away! The gnoll closely misses you.
Your bat zombie hits the gnoll shaman but does no damage.
Your bat zombie hits the gnoll shaman.
The gnoll hits your bat zombie with a +0 whip.
The gnoll hits your gnoll zombie with a +0 whip.
The gnoll shaman calls upon its god to speed up the gnoll.
The gnoll seems to speed up.
Your bat zombie hits the gnoll shaman but does no damage. x2
The gnoll hits something with a +0 whip.
Your bat zombie hits the gnoll shaman but does no damage.
The gnoll shaman calls upon its god to speed up the gnoll.
The gnoll seems to speed up.
The gnoll barely misses your bat zombie.
Something barely misses the gnoll.
The gnoll hits something with a +0 whip.
Your bat zombie hits the gnoll shaman but does no damage. x2
The gnoll hits your bat zombie with a +0 whip!
Your bat zombie is destroyed!
The gnoll barely misses your gnoll zombie.
The gnoll shaman barely misses your adder zombie.
Your gnoll zombie hits the gnoll.
The gnoll hits your adder zombie with a +0 whip.
The gnoll is engulfed in blazing flames.
The gnoll hits your gnoll zombie with a +0 whip.
Your gnoll zombie is destroyed!
Your adder zombie barely misses the gnoll shaman.
The gnoll barely misses your adder zombie.
The gnoll shaman hits your adder zombie with a +0 whip!
The gnoll is engulfed in blazing flames.
You kill the gnoll!
A black mist starts to gather...
Your base Maces & Flails skill increases to level 1!
The gnoll closely misses your adder zombie.
Your adder zombie barely misses the gnoll shaman.
The gnoll shaman barely misses your adder zombie.
The gnoll closely misses your adder zombie.
Your adder zombie barely misses the gnoll shaman.
The gnoll hits your adder zombie with a +0 whip.
Your adder zombie is destroyed!
Your gnoll zombie completely misses the gnoll shaman.
Your goblin zombie closely misses the gnoll shaman.
The gnoll shaman hits your goblin zombie with a +0 whip!
Your goblin zombie is destroyed!
Your kobold zombie hits the gnoll shaman but does no damage.
Your gnoll zombie barely misses the gnoll shaman.
You hit the gnoll shaman.
You feel better.
Your kobold zombie closely misses the gnoll shaman.
Your gnoll zombie misses the gnoll.
You hit the gnoll shaman.
The gnoll shaman hits you with a +0 whip!
The gnoll completely misses you.
Your kobold zombie misses the gnoll shaman.
You take 8 damage, and have 17/35 hp.
MASSIVE DAMAGE!!
You hit the gnoll shaman.
You feel better.
You touch the gnoll shaman.
Your gnoll zombie barely misses the gnoll.
The gnoll shaman closely misses you. The gnoll hits you but does no damage.
Your kobold zombie hits the gnoll shaman but does no damage.
You hit the gnoll shaman.
You feel better.
The gnoll shaman hits you with a +0 whip!
The gnoll hits you with a +0 flail!
* * * LOW HITPOINT WARNING * * *
Your gnoll zombie hits the gnoll.
You take 13 damage, and have 5/35 hp.
MASSIVE DAMAGE!!
The gnoll attacks as you move away! The gnoll hits you but does no damage.
The gnoll shaman calls upon its god to heal the gnoll.
The gnoll's wounds heal themselves!
Your kobold zombie closely misses the gnoll shaman.
Your gnoll zombie hits the gnoll.
The gnoll hits your kobold zombie with a +0 whip!
Your kobold zombie is destroyed!
The gnoll shaman mumbles some strange prayers to its god.
The gnoll shaman is healed somewhat.
Something hits the gnoll.
The gnoll attacks as you move away! The gnoll closely misses you.
You aren't carrying any scrolls.
The gnoll attacks as you move away! The gnoll closely misses you.
Something hits the gnoll but does no damage.
The gnoll attacks as you move away! The gnoll barely misses you.
The gnoll attacks as you move away! The gnoll hits you but does no damage.
The gnoll hits you with a +0 whip.
* * * LOW HITPOINT WARNING * * *
You take 1 damage, and have 4/35 hp.
The gnoll attacks as you move away! The gnoll hits you with a +0 flail.
* * * LOW HITPOINT WARNING * * *
You take 3 damage, and have 1/35 hp.
The gnoll hits you with a +0 whip.
You die...
Your body rises from the dead as a mindless zombie.

......)....# ............
###Z######............
#....[................
#.....................
#.....g......###....##
###+##gg.#### #....#
#.##...# #....#
######.##g..# #....##
+.......@...+ +....'.
######.##...# #....##
#Z###### #....#
######.######## #....#
+.....Z.......# ##'###
######.######.######.####
#.# #............. #Z#
#...####...### #.# #.#.#
#...###


You could see a gnoll shaman and 3 gnolls.

Vanquished Creatures
  3 gnolls
  An adder (D:2)
  A worm (D:2)
  A dart slug (D:2)
  4 endoplasms
  3 goblins
  5 hobgoblins
  3 jackals (D:1)
  2 kobolds
  2 quokkas (D:1)
  2 ball pythons
  5 bats
  A rat (D:1)
33 creatures vanquished.

Vanquished Creatures (collateral kills)
  A ball python (D:1)
1 creature vanquished.

Vanquished Creatures (others)
  An adder zombie (D:2)
  A bat zombie (D:2)
  A gnoll zombie (D:2)
  A goblin zombie (D:2)
  A kobold zombie (D:2)
  A spectral endoplasm (D:2)
6 creatures vanquished.

Grand Total: 40 creatures vanquished

Notes
Turn   | Place    | Note
-------+----------+-------------------------------------------
     0 | D:1      | sokol815 the Demonspawn Monk began the quest for the Orb.
     0 | D:1      | Reached XP level 1. HP: 18/18 MP: 1/1
    97 | D:1      | Reached skill level 3 in Axes
   294 | D:1      | You fall into a shaft and drop 1 floor!
   301 | D:2      | Gained mutation: Your touch may inflict minor irresistible
                  | damage on your foes. [demonic ancestry]
   301 | D:2      | Reached XP level 2. HP: 20/24 MP: 2/2
   685 | D:1      | Reached XP level 3. HP: 28/29 MP: 3/3
   777 | D:1      | Reached skill level 4 in Axes
   925 | D:1      | Found a faded altar of an unknown god.
   935 | D:1      | Prayed at the altar of an unknown god.
   935 | D:1      | Became a worshipper of Yredelemnul the Dark
   935 | D:1      | Reached * piety under Yredelemnul
   935 | D:1      | Reached ** piety under Yredelemnul
  1654 | D:2      | Gained mutation: Your demonic aura sometimes causes spilled
                  | blood to erupt in flames. [demonic ancestry]
  1654 | D:2      | Reached XP level 4. HP: 23/35 MP: 4/4
  1658 | D:2      | Reached skill level 1 in Maces & Flails
  1664 | D:2      | HP: 5/35 [gnoll/+0 flail (11)]
  1669 | D:2      | HP: 4/35 [gnoll/+0 whip (1)]
  1670 | D:2      | HP: 1/35 [gnoll/+0 flail (3)]
  1671 | D:2      | Slain by a gnoll

Illustrated notes

Levels and vault maps discovered:
D:1:      minmay_arrival_three_doors, layout_rooms,
          shapermc_ecumenical_altar_mp_highgroup
D:2:      layout_basic, minmay_ruptured

Skill      XL: |  1  2  3  4 |
---------------+-------------+-----
Axes           | 3 4 |  4.3
Maces & Flails | 1 |  1.2
Fighting       | |  3.0
Dodging        | |  2.6
Stealth        | |  1.7

Action                   |  1- 3 |  4- 6 || total
-------------------------+-------+-------++-------
Melee: Hand axe          |    84 |       ||    84
       Touch             |    11 |     1 ||    12
       Punch             |     1 |       ||     1
       Whip              |     8 |     4 ||    12
Throw: Stone             |     6 |       ||     6
  Use: Scroll            |     9 |       ||     9
 Stab: Distracted        |     1 |       ||     1
Armor: Ring mail         |    34 |     3 ||    37
Dodge: Dodged            |    51 |     6 ||    57

Table legend: (Time is in decaauts)
 A = Elapsed time spent in this place.
 B = Non-inter-level travel time spent in this place.
 C = Inter-level travel time spent in this place.
 D = Time resting spent in this place.
 E = Time spent auto-exploring this place.
 F = Levels seen in this place.
 G = Mean time per level.
                   A        B        C        D        E       F      G
               +--------+--------+--------+--------+--------+-----+--------+
         Total |   1681 |   1662 |     19 |    103 |   1281 |   2 |  840.5 |
       Dungeon |   1681 |   1662 |     19 |    103 |   1281 |   2 |  840.5 |
               +--------+--------+--------+--------+--------+-----+--------+

Top non-repeatable levels by time:
     D:1: 853 daAuts
     D:2: 827 daAuts

Table legend:
 A = Kills in this place as a percentage of kills in entire the game.
 B = Kills by you in this place as a percentage of kills by you in the entire game.
 C = Kills by friends in this place as a percentage of kills by friends in the entire game.
 D = Other kills in this place as a percentage of other kills in the entire game.
 E = Experience gained in this place as a percentage of experience gained in the entire game.
 F = Experience gained in this place divided by the number of levels of this place that you have seen.
                   A       B       C       D       E      F
               +-------+-------+-------+-------+-------+----------------------
         Total | 100.0 | 100.0 | 100.0 |   N/A | 100.0 |  56.5
       Dungeon | 100.0 | 100.0 | 100.0 |   N/A | 100.0 |  56.5
               +-------+-------+-------+-------+-------+----------------------
